 Dungeon Crawl Stone Soup version 0.31-a0-303-gdc8c9485ea (webtiles) character file.

Game seed: 11040331654837369033

123 dinky3 the Sneak (level 4, 0/35 HPs)
             Began as a Vampire Shapeshifter on July 17, 2023.
             Splashed by a jelly's acid (8 damage)
             ... on level 4 of the Dungeon.
             The game lasted 00:15:06 (2363 turns).

dinky3 the Sneak (Vampire Shapeshifter)             Turns: 2363, Time: 00:15:06

Health: 0/35       AC:  1    Str: 16    XL:     4   Next: 80%
Magic:  4/4        EV: 11    Int: 10    God:
Gold:   162        SH:  0    Dex: 14    Spells: 3/3 levels left

rFire   . . .        t - +0 rapier
rCold   . . .        (no shield)
rNeg    . . .        f - +0 ring mail
rPois   .            (helmet currently unavailable)
rElec   .            (cloak currently unavailable)
rCorr   .            (gloves currently unavailable)
SInv    +            (boots currently unavailable)
Will    .....        (no amulet)
Stlth   ++           (no ring)
HPRegen 0.45/turn    (no ring)
MPRegen 0.09/turn

%: no passive effects
@: beast-form, corroded, healing quickly
A: beast (slay +2), alive, fangs 3, see invisible, vampiric 2
a: Exsanguinate, Begin Untransformation


You were on level 4 of the Dungeon.
You were a hulking beast.
You visited 1 branch of the dungeon, and saw 4 of its levels.

You collected 162 gold pieces.

Inventory:

Hand Weapons
 e - a +0 whip
 j - a +0 short sword
 o - a +0 dagger
 t - a +0 rapier (weapon)
 v - a +0 trident
 w - a +0 long sword
Missiles
 x - 6 javelins
 y - 5 stones (quivered)
Armour
 f - a +0 ring mail (worn)
 g - a +0 cloak
 l - a +1 helmet
 m - a +0 scale mail
 q - a +0 pair of boots
 s - a +0 chain mail
Talismans
 c - a beast talisman
Scrolls
 a - 3 scrolls of fear
 b - a scroll of butterflies
 d - a scroll of teleportation {unknown}
 h - a scroll of poison {unknown}
 n - a scroll of blinking {unknown}
 r - 3 scrolls of silence
Potions
 i - 3 potions of curing
 k - a potion of ambrosia
 p - a potion of magic {unknown}
 u - 3 potions of enlightenment {unknown}
 z - 2 potions of heal wounds {unknown}
 A - a potion of mutation {unknown}


   Skills:
 + Level 3.2 Fighting
 + Level 2.5 Short Blades
 - Level 2.1 Dodging
 + Level 3.5 Stealth
 - Level 2.2 Unarmed Combat
 - Level 3.2 Shapeshifting


You had 3 spell levels left.
You didn't know any spells.
Your spell library was empty.

Dungeon Overview and Level Annotations

Branches:
Dungeon (4/15) Zot: 21636
 Temple: D:4-7

Altars:

Annotations:
D:1 exclusion: downstairs
D:4 3 runed translucent doors, Jeffwins's ghost, amateur OpWn; mdonais's ghost, amateur OpSh


Innate Abilities, Weirdness & Mutations

You are a hulking beast.
Your limbs bulge with bestial killing power. (Slay +2)
Your natural rate of healing is accelerated.
You have razor-sharp teeth.
You have supernaturally acute eyesight. (SInv)
You are afflicted with vampirism and can become a bat while bloodless.


Message History

The orc is severely wounded.
The hobgoblin shouts!
The orc hits you with a +0 short sword.
You hit the orc.
You kill the orc!
Things that are here:
a +0 short sword; a +0 leather armour; an orc corpse The hobgoblin hits you but does no damage.
You hit the hobgoblin but do no damage. You bite the hobgoblin.
You kill the hobgoblin!
Found a stone staircase leading down.
Found 7 gold pieces.
As you open the door, it creaks loudly!
Found a stone staircase leading down.
There is an open door here.
You open the door.
A hobgoblin and a jelly come into view.
The jelly quivers.
There is an open door here.
The hobgoblin shouts!
You hit the jelly.
Your hands burn!
The jelly is lightly wounded.
The jelly closely misses you.
You hit the jelly. The acid corrodes you!
Your hands burn!
The jelly is moderately wounded.
The jelly completely misses you.
You hit the jelly.
Your hands burn!
The jelly is severely wounded.
The jelly hits you.
You are splashed with acid.
You hit the jelly.
Your hands burn!
The jelly is severely wounded.
The jelly closely misses you.
You hit the jelly.
Your hands burn!
The jelly is almost dead.
The hobgoblin hits you.
* * * LOW HITPOINT WARNING * * *
The jelly hits you.
* * * LOW HITPOINT WARNING * * *
You are splashed with acid!
You die...

#....)# ... #.#.#.#
... #.#...# ...
#.###.# #.# #.###.#
#.# #.....# #.#
#####.# ##'## #.#
##J..## #.#
##hg...## ##.##
##.......##
##...####.....>...#
#.......+.........+
##...####.........#
##.## ##.......##
##.## ##.....##
#...## ##...##
#.#..# ##'##


You could see a jelly and a hobgoblin.

Vanquished Creatures
  5 adders
  An adder skeleton (D:2)
  3 worms (D:2)
  4 orcs
  6 ball pythons
  A bat skeleton (D:2)
  5 endoplasms
  A giant cockroach (D:2)
  5 hobgoblins
  3 jackals
  2 quokkas
  2 ball python skeletons (D:2)
  5 bats
  2 frilled lizards (D:3)
  5 goblins
  6 kobolds
  6 rats
62 creatures vanquished.

Notes
Turn   | Place    | Note
-------+----------+-------------------------------------------
     0 | D:1      | dinky3 the Vampire Shapeshifter began the quest for the
                  | Orb.
     0 | D:1      | Reached XP level 1. HP: 16/16 MP: 1/1
   183 | D:1      | Reached skill level 1 in Stealth
   918 | D:1      | Reached XP level 2. HP: 20/22 MP: 2/2
  1186 | D:2      | Reached skill level 1 in Short Blades
  1202 | D:2      | Gained mutation: You are afflicted with vampirism and can
                  | become a bat while bloodless. [Vampire growth]
  1202 | D:2      | Reached XP level 3. HP: 23/28 MP: 3/3
  1431 | D:2      | Reached XP level 4. HP: 24/34 MP: 4/4
  1504 | D:2      | Found a faded altar of an unknown god.
  2157 | D:4      | Found a runed translucent gate.
  2157 | D:4      | Found a runed translucent gate.
  2158 | D:4      | Found a runed translucent gate.
  2160 | D:4      | Noticed mdonais's ghost (amateur OpSh)
  2160 | D:4      | Noticed Jeffwins's ghost (amateur OpWn)
  2236 | D:4      | Noticed a scorpion
  2363 | D:4      | Splashed by a jelly's acid

Illustrated notes

Levels and vault maps discovered:
D:1:      saegor_arrival_simple_c, layout_basic
D:2:      layout_rooms, basic_ecumenical_altar, serial_undead, serial_undead_a,
          serial_undead_b, serial_undead_d, serial_undead_f,
          minmay_quadrilaterals
D:3:      layout_rooms
D:4:      layout_loops_corners, gammafunk_ghost_cemetery, minmay_vboxes

Skill      XL: |  1  2  3  4 |
---------------+-------------+-----
Stealth        | 1 2 3 |  3.5
Fighting       | 2 3 |  3.2
Short Blades   | 1 2 |  2.5
Dodging        | |  2.1
Unarmed Combat | |  2.2
Shapeshifting  | |  3.2

Action                     |  1- 3 |  4- 6 || total
---------------------------+-------+-------++-------
  Melee: Short sword       |    95 |    14 ||   109
         Unarmed           |    34 |       ||    34
         Bite              |    12 |     7 ||    19
         Punch             |     1 |       ||     1
         Rapier            |       |    59 ||    59
  Throw: Stone             |       |     4 ||     4
    Use: Potion            |     1 |       ||     1
         Scroll            |       |     5 ||     5
   Stab: Sleeping          |     1 |     2 ||     3
 Armour: Ring mail         |    32 |    27 ||    59
         Animal skin       |     4 |       ||     4
         Skin              |    49 |       ||    49
  Dodge: Dodged            |    77 |    44 ||   121

Table legend: (Time is in decaauts)
 A = Elapsed time spent in this place.
 B = Non-inter-level travel time spent in this place.
 C = Inter-level travel time spent in this place.
 D = Time resting spent in this place.
 E = Time spent auto-exploring this place.
 F = Levels seen in this place.
 G = Mean time per level.
                   A        B        C        D        E       F      G
               +--------+--------+--------+--------+--------+-----+--------+
         Total |   2362 |   1977 |    385 |    147 |      0 |   4 |  590.5 |
       Dungeon |   2362 |   1977 |    385 |    147 |      0 |   4 |  590.5 |
               +--------+--------+--------+--------+--------+-----+--------+

Top non-repeatable levels by time:
     D:1: 926 daAuts
     D:2: 670 daAuts
     D:3: 463 daAuts
     D:4: 303 daAuts
